 Dungeon Sprint DCSS version 0.21-a0-241-g2cbab09 (webtiles) character file.

7295 terra52 the Unseen (level 11, -14/88 (92) HPs)
             Began as a Formicid Assassin on Sept 3, 2017.
             Was a Follower of Okawaru.
             Splashed by an oklob plant's acid (16 damage)
             ... in the Dungeon (Sprint I: "Red Sonja").
             The game lasted 00:12:15 (1768 turns).

terra52 the Unseen (Formicid Assassin)              Turns: 1768, Time: 00:12:17

HP:   -14/88 (92)   AC: -4    Str: 16    XL:     11   Next: 34%
MP:   20/20         EV: 15    Int: 11    God:    Okawaru [*.....]
Gold: 989           SH:  0    Dex: 15    Spells: 10/10 levels left

rFire    . . .     SeeInvis +   t - +7 scimitar "Ehodal" {holy, +Inv rPois rC+}
rCold    + . .     Gourm    .   (no shield)
rNeg     . . .     Faith    .   i - +2 robe
rPois    +         Spirit   .   (helmet unavailable)
rElec    .         Reflect  .   d - +0 cloak
rCorr    .         Harm     .   (no gloves)
MR       +....                  g - +1 pair of boots {run}
Stlth    +++++++...             (no amulet)
HPRegen  0.24/turn              (no ring)
MPRegen  0.17/turn              (no ring)

@: corroded, quick
A: permanent stasis, dig shafts and tunnels, four strong arms, antennae 3
a: Dig, Heroism, Renounce Religion, Evoke Invisibility


You were in the Dungeon.
You worshipped Okawaru.
Okawaru was aware of your devotion.
You were not hungry.

You visited 1 branch You collected 1451 gold pieces.
You spent 454 gold pieces at shops.
You donated 8 gold pieces to Zin.

Inventory:

Hand Weapons
 a - a +2 dagger
 b - a +0 blowgun
 q - a +1 dagger of distortion
 t - the +7 scimitar "Ehodal" (weapon) {holy, +Inv rPois rC+}
   (You bought it in a shop in the Dungeon)

   It has been blessed by the Shining One to cause great damage to the undead
   and demons.
   It protects you from cold.
   It protects you from poison.
   It lets you turn invisible.
Missiles
 f - 7 poisoned needles
 p - 4 curare-tipped needles
Armour
 c - a +0 robe
 d - a +0 cloak (worn)
 g - a +1 pair of boots of running (worn)
 i - a +2 robe (worn)
Wands
 e - a wand of random effects (44/48)
Scrolls
 m - a scroll of blinking
Potions
 h - a potion of curing
 j - a potion of haste
 k - 2 potions of magic
 l - a potion of berserk rage
Miscellaneous
 r - a lightning rod (4/4)
 s - a fan of gales
Comestibles
 u - 2 meat rations
 v - 2 royal jellies
 w - a bread ration


   Skills:
 * Level 10.3 Fighting
 - Level 11.9 Short Blades
 + Level 10.6 Throwing
 * Level 4.0 Armour
 + Level 4.7 Dodging
 + Level 18.9 Stealth
 - Level 12.0 Invocations


You had 10 spell levels left.
You didn't know any spells.

Dungeon Overview and Level Annotations

Branches:
Dungeon (1/1)

Altars:
Cheibriados
Dithmenos
Elyvilon
Fedhas
Gozag
Hepliaklqana
Kikubaaqudgha
Makhleb
Nemelex Xobeh
Okawaru
Qazlal
Ru
Sif Muna
Trog
Uskayaw
Vehumet
Wu Jian
Xom
Yredelemnul
Zin
The Shining One
Jiyva
Lugonu

Shops:
D }?%=*=*![}[[}%((*[([[

Annotations:
D exclusion: oklob plant


Innate Abilities, Weirdness & Mutations

You cannot be hasted, slowed, berserked, paralysed or teleported.
You can dig through walls and to a lower floor.
Your four strong arms can wield two-handed weapons with a shield.
You have a pair of large antennae on your head. (SInv)


Message History

You hit the oklob plant but do no damage.
The oklob plant spits acid at you. The splash of acid hits you!
The acid corrodes you!
You are splashed with acid!
The acid burns!
You hit the oklob plant.
The oklob plant is lightly damaged.
You hit the oklob plant.
The oklob plant is lightly damaged.
The oklob plant spits acid at you. The splash of acid hits you!
You are splashed with acid!
The acid burns!
* * * LOW HITPOINT WARNING * * *
You hit the oklob plant but do no damage.
The oklob plant is lightly damaged.
You hit the oklob plant.
The oklob plant is lightly damaged.
The oklob plant spits acid at you. The splash of acid hits you!
* * * LOW HITPOINT WARNING * * *
The acid corrodes you!
You are splashed with acid!
The acid burns!
You die...

.#.)'.$#__#
)'..#..'..+
+#####'#__# { {{
#.#### {{ ## ##(# {
_##+#_.+ { ..'..._#
{
_##_.#'##+#####+###
{
_###'#(.[....##P@.#
####.####'###[###.#
..'...'..÷..'.∩§§.#
###.).###########§#
####.###...§§..##§#
.# #+# #........'.#
.# { { #'..######§#
.# #....§§§§#§#
.#######.....§§#§§#


You could see an oklob plant.

Vanquished Creatures
  Sonja (D)
  2 unseen horrors (D)
  A deep troll (D)
  8 shining eyes (D)
  A slime creature (D)
  Sigmund (D)
  2 redbacks (D)
  A yak (D)
  5 floating eyes (D)
  7 necrophages (D)
  An ogre (D)
  8 jellies (D)
  Ijyb (D)
39 creatures vanquished.

Vanquished Creatures (others)
  A gargoyle (D)
  A pillar of salt (D)
2 creatures vanquished.

Grand Total: 41 creatures vanquished

Notes
Turn   | Place    | Note
-------+----------+-------------------------------------------
     0 | D        | terra52 the Formicid Assassin began the quest for the Orb.
     0 | D        | Reached XP level 1. HP: 16/16 MP: 1/1
     2 | D        | Noticed Ijyb
    26 | D        | Killed Ijyb
    26 | D        | Reached skill level 1 in Dodging
    26 | D        | Reached skill level 8 in Stealth
    26 | D        | Reached XP level 2. HP: 11/23 MP: 2/2
    26 | D        | Reached XP level 3. HP: 14/28 MP: 3/3
   154 | D        | Killed a gargoyle
   182 | D        | Noticed an ogre
   184 | D        | Killed an ogre
   184 | D        | Reached skill level 11 in Stealth
   184 | D        | Reached XP level 4. HP: 35/35 MP: 4/4
   184 | D        | Reached XP level 5. HP: 41/41 MP: 5/5
   194 | D        | Found a white marble altar of Elyvilon.
   194 | D        | Found a glowing silver altar of Zin.
   194 | D        | Found a glowing golden altar of the Shining One.
   194 | D        | Found an iron altar of Okawaru.
   194 | D        | Found a bloodstained altar of Trog.
   194 | D        | Found a blossoming altar of Fedhas.
   194 | D        | Found a stormy altar of Qazlal.
   194 | D        | Found an ancient bone altar of Kikubaaqudgha.
   194 | D        | Found Pethy's Jewellery Emporium.
   194 | D        | Found a basalt altar of Yredelemnul.
   194 | D        | Found a hide-covered altar of Uskayaw.
   194 | D        | Found a hazy altar of Hepliaklqana.
   194 | D        | Found a shadowy altar of Dithmenos.
   194 | D        | Found a sacrificial altar of Ru.
   194 | D        | Found a snail-covered altar of Cheibriados.
   194 | D        | Found an opulent altar of Gozag.
   194 | D        | Found a sparkling altar of Nemelex Xobeh.
   194 | D        | Noticed a yak
   210 | D        | Killed a yak
   210 | D        | Reached skill level 5 in Throwing
   210 | D        | Reached skill level 13 in Stealth
   210 | D        | Reached XP level 6. HP: 26/48 MP: 6/6
   217 | D        | Became a worshipper of Zin the Law-Giver
   345 | D        | Found a deep blue altar of Sif Muna.
   345 | D        | Found a radiant altar of Vehumet.
   345 | D        | Found an ornate altar of the Wu Jian Council.
   348 | D        | Reached skill level 1 in Invocations
   369 | D        | Noticed Sigmund
   400 | D        | Killed Sigmund
   400 | D        | Reached skill level 14 in Stealth
   400 | D        | Reached XP level 7. HP: 34/55 MP: 6/9
   522 | D        | Reached * piety under Zin
   522 | D        | Reached ** piety under Zin
   522 | D        | Reached *** piety under Zin
   524 | D        | Reached **** piety under Zin
   524 | D        | Reached ***** piety under Zin
   527 | D        | Reached ****** piety under Zin
   545 | D        | Found Olosaore's Armour Emporium.
   563 | D        | Noticed Sonja
   567 | D        | Killed Sonja
   567 | D        | Reached skill level 5 in Fighting
   567 | D        | Reached skill level 16 in Stealth
   567 | D        | Reached skill level 5 in Invocations
   567 | D        | Reached XP level 8. HP: 63/63 MP: 7/12
   576 | D        | Found Pukawopp's Gadget Boutique.
   589 | D        | Noticed a shining eye
   589 | D        | Noticed a shining eye
   589 | D        | Noticed a shining eye
   589 | D        | Noticed a shining eye
   589 | D        | Noticed a shining eye
   589 | D        | Noticed a shining eye
   608 | D        | Reached skill level 5 in Short Blades
   632 | D        | Killed a shining eye
   632 | D        | Reached XP level 9. HP: 70/70 MP: 12/14
   636 | D        | Reached skill level 17 in Stealth
   650 | D        | Killed a shining eye
   660 | D        | Killed a shining eye
   660 | D        | Reached skill level 10 in Throwing
   678 | D        | Killed a shining eye
   678 | D        | Reached XP level 10. HP: 79/79 MP: 14/16
   684 | D        | Noticed a shining eye
   684 | D        | Noticed a shining eye
   701 | D        | Killed a shining eye
   704 | D        | Killed a shining eye
   704 | D        | Reached skill level 18 in Stealth
   704 | D        | Reached skill level 10 in Invocations
   708 | D        | Killed a shining eye
   739 | D        | Killed a shining eye
   739 | D        | Reached skill level 10 in Short Blades
   757 | D        | Found Cudiegamn's Magic Scroll Shoppe.
   757 | D        | Found Qoodus's Assorted Antiques.
   757 | D        | Found Rimetaps's Food Emporium.
   757 | D        | Found Zyokut's Jewellery Boutique.
   818 | D        | Found a burning altar of Makhleb.
   818 | D        | Found a viscous altar of Jiyva.
   818 | D        | Found a shimmering altar of Xom.
   818 | D        | Found a corrupted altar of Lugonu.
   831 | D        | Noticed a deep troll
   833 | D        | Killed a deep troll
   946 | D        | Reached XP level 11. HP: 82/87 MP: 17/19
   960 | D        | Noticed an unseen horror
   960 | D        | Noticed an unseen horror
  1102 | D        | Zin protects you from harm!
  1109 | D        | Fell from the grace of Zin
  1109 | D        | Became a worshipper of the Shining One
  1109 | D        | Reached * piety under the Shining One
  1109 | D        | Reached ** piety under the Shining One
  1109 | D        | Reached *** piety under the Shining One
  1109 | D        | Reached **** piety under the Shining One
  1135 | D        | Fell from the grace of the Shining One
  1135 | D        | Became a worshipper of Warmaster Okawaru
  1471 | D        | Found Wuneyky's Distillery.
  1473 | D        | Killed an unseen horror
  1475 | D        | Killed an unseen horror
  1475 | D        | Reached skill level 10 in Fighting
  1477 | D        | Found Ilybeuh's Armour Boutique.
  1478 | D        | Found Nega's Antique Armour Boutique.
  1478 | D        | Found Rale's Antique Weapon Emporium.
  1479 | D        | Found Eshrieh's Antique Armour Emporium.
  1480 | D        | Found Ikij's General Store.
  1556 | D        | Reached * piety under Okawaru
  1580 | D        | Identified a +1 pair of boots of running (You found it in the Dungeon)
  1590 | D        | Found Oquemioh's Gadget Emporium.
  1590 | D        | Found Waecajepn's Antique Armour Shop.
  1590 | D        | Found Qupa's Armour Shoppe.
  1590 | D        | Found Voph's Gadget Boutique.
  1590 | D        | Found Letauho's Food Emporium.
  1590 | D        | Found Noyblalu's Antique Weapon Shop.
  1590 | D        | Found Yjucog's Antique Weapon Shoppe.
  1593 | D        | Found Nukyvec's Assorted Antiques.
  1601 | D        | Bought a warped scimitar for 207 gold pieces
  1602 | D        | Bought a meat ration for 65 gold pieces
  1602 | D        | Bought a royal jelly for 26 gold pieces
  1602 | D        | Bought a meat ration for 65 gold pieces
  1602 | D        | Bought a royal jelly for 26 gold pieces
  1602 | D        | Bought a bread ration for 65 gold pieces
  1603 | D        | Identified the +7 scimitar "Ehodal" {holy, +Inv rPois rC+} (You bought it in a shop in the Dungeon)
  1761 | D        | Noticed an oklob plant
  1768 | D        | HP: 2/88 [oklob plant/splash of acid (18)]
  1768 | D        | Splashed by an oklob plant's acid

Vault maps used:
D:        dungeon_sprint_1

Skill      XL: |  1  2  3  4  5  6  7  8  9 10 11 |
---------------+----------------------------------+-----
Dodging        | 1 2 3 4 |  4.7
Stealth        | 8 11 13 14 16 17 18 | 18.9
Fighting       | 3 4 5 6 7 8 10 | 10.3
Short Blades   | 3 4 5 8 11 | 11.9
Throwing       | 3 5 6 8 9 10 | 10.6
Invocations    | 3 5 7 9 11 12 | 12.0
Armour         | 4 |  4.0

Action                   |  1- 3 |  4- 6 |  7- 9 | 10-12 || total
-------------------------+-------+-------+-------+-------++-------
Melee: Dagger            |    13 |    20 |    81 |   192 ||   306
       Scimitar          |       |       |       |     5 ||     5
 Fire: Blowgun           |    10 |    16 |       |       ||    26
Invok: Vitalisation      |       |       |     2 |     3 ||     5
       Recite            |       |       |     3 |     3 ||     6
       Divine Shield     |       |       |       |     1 ||     1
       Cleansing Flame   |       |       |       |     1 ||     1
 Abil: Dig               |       |     1 |     2 |     2 ||     5
  Use: Potion            |       |     1 |       |       ||     1
       Scroll            |       |       |       |     2 ||     2
 Stab: Sleeping          |     1 |     1 |     1 |     9 ||    12
  Eat: Bread ration      |       |       |       |     1 ||     1
Armor: Robe              |     2 |       |       |    13 ||    15
Dodge: Dodged            |     6 |    11 |       |    53 ||    70
Block: Other             |       |       |       |     4 ||     4

Table legend:
 A = Spawn XP
 B = Non-spawn XP
 C = Spawn XP percentage of total XP
 D = Spawn monster count
 E = Non-spawn monster count
 F = Spawn count percentage of total count
 G = Total turns spent on level
                    A         B        C        D         E        F      G
               +---------+---------+-------+---------+---------+-------+---------
         Total |       0 |   10422 |   0.0 |       0 |      39 |   0.0 |  1768
               +---------+---------+-------+---------+---------+-------+---------
             D |       0 |   10422 |   0.0 |       0 |      39 |   0.0 |  1768
               +---------+---------+-------+---------+---------+-------+---------
